 Dungeon Crawl Stone Soup version 0.31-a0-846-gb3bcc0d938 (webtiles) character file.

Game seed: 11875221518296921842

1774 javelincjr the Changeling (level 9, -1/56 HPs)
             Began as a Djinni Shapeshifter on Oct 2, 2023.
             Was a Believer of Hepliaklqana.
             Killed from afar by an acid dragon (16 damage)
             ... with a splash of acid
             ... on level 8 of the Dungeon on Oct 3, 2023.
             The game lasted 00:26:43 (5871 turns).

javelincjr the Changeling (Djinni Shapeshifter)     Turns: 5871, Time: 00:26:44

Health: -1/56      AC: -1    Str: 13    XL:     9   Next: 28%
Gold:   324        EV: 15    Int: 18    God:    Hepliaklqana [**....] SH:  5 Dex: 19

rFire   + + +        r - +6 whip of the Past {flame, rPois rF+ Dex+2}
rCold   x . .        (no shield)
rNeg    . . .        D - +1 robe {Will+}
rPois   ∞            (helmet currently unavailable)
rElec   .            (cloak currently unavailable)
rCorr   .            (gloves currently unavailable)
SInv    +            (boots unavailable)
Will    +....        l - amulet of reflection
Stlth   ++           g - +6 ring of intelligence
HPRegen 0.29/turn    v - ring of see invisible
MPRegen 0.00/turn

%: reflection, infuse magic (-2 HP)
@: beast-form, corroded, flying, studying Short Blades
A: beast (slay +3), flying, reduced essence, sickness immunity, fire resistance
2, cold vulnerability 1, float, innate caster, HP casting, extra vitality 1
a: Begin Untransformation, Renounce Religion, Recall Ancestor, Ancestor Identity


You were on level 8 of the Dungeon.
You worshipped Hepliaklqana.
Hepliaklqana was pleased with you.
You were a hulking beast.
You visited 2 branches of the dungeon, and saw 9 of its levels.

You collected 324 gold pieces.

Inventory:

Hand Weapons
 e - a +0 spear
 j - a +0 dagger
 r - the +6 whip of the Past (weapon) {flame, rPois rF+ Dex+2}
   (You found it on level 3 of the Dungeon)

   Dex+2:     It affects your dexterity (+2).
   rF+:       It protects you from fire.
   rPois:     It protects you from poison
Missiles
 i - 62 stones
Armour
 a - a +0 animal skin
 m - a +0 chain mail
 D - a +1 robe of willpower (worn)
Magical Staves
 E - a staff of earth
Jewellery
 g - a +6 ring of intelligence (left hand)
 l - an amulet of reflection (around neck)
 v - a ring of see invisible (right hand)
Talismans
 c - a beast talisman (active)
 d - a flux talisman
 y - a blade talisman
 H - a serpent talisman
Scrolls
 k - a scroll of fear {unknown}
 n - 2 scrolls of teleportation {unknown}
 o - 5 scrolls of poison {unknown}
 p - 4 scrolls of identify {unknown}
 u - a scroll of enchant weapon {unknown}
 x - a scroll of torment {unknown}
 z - 2 scrolls of immolation {unknown}
 A - a scroll of revelation {unknown}
 B - 2 scrolls of amnesia {unknown}
 C - a scroll of vulnerability {unknown}
 F - a scroll of silence {unknown}
 G - 2 scrolls of fog {unknown}
Potions
 b - a potion of lignification
 f - 3 potions of curing
 q - 2 potions of enlightenment
 s - a potion of invisibility {unknown}
 t - a potion of might {unknown}
 w - 2 potions of degeneration {unknown}


   Skills:
 + Level 4.3 Fighting
 + Level 3.0 Maces & Flails
 + Level 5.2 Dodging
 + Level 5.2 Unarmed Combat
 + Level 2.0 Spellcasting
 + Level 2.0 Conjurations
 + Level 2.0 Hexes
 + Level 2.0 Summonings
 + Level 2.0 Necromancy
 + Level 2.0 Translocations
 + Level 2.0 Transmutations
 + Level 2.0 Fire Magic
 + Level 2.0 Ice Magic
 + Level 2.0 Air Magic
 + Level 2.0 Earth Magic
 + Level 2.0 Poison Magic
 + Level 2.2 Invocations
 * Level 5.7 Shapeshifting


You knew the following spells:

 Your Spells              Type           Power      Damage    Failure   Level
a - Foxfire               Conj/Fire      36%        2x1d5     8%          1
b - Searing Ray           Conj           18%        2d5       12%         2
c - Ignite Poison         Fire/Tmut/Pois 9%         N/A       24%         3
d - Tukima's Dance        Hex            9%         N/A       24%         3
Your spell library was empty.

Dungeon Overview and Level Annotations

Branches:
Dungeon (7/15)             Temple (1/1) D:4

Altars:
Ashenzari
Cheibriados
Dithmenos
Elyvilon
Fedhas
Gozag
Hepliaklqana
Makhleb
Nemelex Xobeh
Okawaru
Qazlal
Ru
Uskayaw
Wu Jian
Xom
Yredelemnul
Zin


Innate Abilities, Weirdness & Mutations

You are a hulking beast.
Your limbs bulge with bestial killing power. (Slay +3)
You are flying.
Your life essence is reduced to manifest your ancestor. (-10% HP)
You are immune to sickness and miasma.
You are immune to poison.
Your flesh is very heat resistant. (rF++)
You are vulnerable to cold. (rC-)
You float through the air rather than walking.
You learn spells naturally, not from books.
Your magical power is your life essence.
You have superior vitality. (+4 MHP)


Message History

Your enlightenment fades.
You start resting.
HP restored.
An acid dragon comes into view.
The acid dragon roars!
The acid dragon spits acid at you. The splash of acid hits you!!
The acid corrodes you!
You conjure some foxfire!
You conjure some foxfire!
The foxfire hits the acid dragon but does no damage. x2
You whack the acid dragon! You burn the acid dragon. You punch the acid dragon.
The acid dragon is moderately wounded.
The foxfire hits the acid dragon but does no damage.
The acid dragon is moderately wounded.
You hit the acid dragon. You burn the acid dragon.
The acid dragon is heavily wounded.
The acid dragon closely misses you. The acid dragon barely misses you.
You hit the acid dragon. You burn the acid dragon.
The acid dragon is severely wounded.
The acid dragon spits acid at you. The splash of acid misses you.
You closely miss the acid dragon.
The acid dragon is severely wounded.
The acid dragon spits acid at you. The splash of acid hits you!!
* * * LOW HITPOINT WARNING * * *
You barely miss the acid dragon.
The acid dragon is severely wounded.
The acid dragon misses you. The acid dragon claws you.
* * * LOW HITPOINT WARNING * * *
You feel better. The acid dragon closely misses you.
The acid dragon misses you.
You hit the acid dragon but do no damage.
The acid dragon is severely wounded.
The acid dragon closely misses you. x2
You closely miss the acid dragon.
The acid dragon is severely wounded.
The acid dragon spits acid at you. The splash of acid hits you!
You die...

######...
#hD......
#.#######
#.#
########
#.#
#..)...#
#.#
#......#
#.#
#......#
#.#
#......#
#.#
#......#
#.#
#......#


You could see an acid dragon (catching breath).

Vanquished Creatures
  2 wargs (D:8)
  A water moccasin (D:5)
  A black bear (D:5)
  An ice beast (D:6)
  2 ogres
  A bullfrog (D:3)
  A scorpion (D:4)
  2 killer bees (D:7)
  6 jellies
  A hound (D:4)
  3 orc priests
  5 orc wizards
  An iguana (D:4)
  3 adders
  A shadow imp (D:6)
  2 white imps
  2 ufetubi (D:5)
  3 worms
  2 dart slugs
  14 orcs
  5 ball pythons
  2 bats (D:1)
  9 endoplasms
  4 giant cockroaches
  5 goblins
  4 hobgoblins
  7 jackals
  4 quokkas
  A frilled lizard (D:3)
  14 kobolds
  6 rats
115 creatures vanquished.

Vanquished Creatures (collateral kills)
  A phantom (D:6)
  A kobold brigand (D:6)
  A killer bee (D:7)
  An iguana (D:6)
  An orc wizard (D:7)
  A white imp (D:6)
  2 orcs
  3 kobolds (D:6)
11 creatures vanquished.

Vanquished Creatures (others)
  An ancestor (D:6)
  240 foxfires
241 creatures vanquished.

Grand Total: 367 creatures vanquished

Notes
Turn   | Place    | Note
-------+----------+-------------------------------------------
     0 | D:1      | javelincjr the Djinni Shapeshifter began the quest for the
                  | Orb.
     0 | D:1      | Reached XP level 1. HP: 17/17 MP: 0/0
    65 | D:1      | Reached XP level 2. HP: 22/22 MP: 0/0
   706 | D:2      | Reached XP level 3. HP: 25/27 MP: 0/0
   706 | D:2      | Learned a level 1 spell: Foxfire
  1107 | D:2      | HP: 1/28 [worm (3)]
  1514 | D:3      | Reached XP level 4. HP: 33/33 MP: 0/0
  1552 | D:3      | Identified the +6 whip of the Past {flame, rPois rF+ Dex+2}
  1569 | D:3      | Noticed a bullfrog
  1575 | D:3      | Killed a bullfrog
  1576 | D:3      | Reached XP level 5. HP: 14/38 MP: 0/0
  1576 | D:3      | Learned a level 2 spell: Searing Ray
  2085 | D:3      | Reached skill level 1 in Maces & Flails
  2085 | D:3      | Reached XP level 6. HP: 42/45 MP: 0/0
  2867 | D:4      | Reached XP level 7. HP: 33/49 MP: 0/0
  2867 | D:4      | Learned a level 3 spell: Ignite Poison
  3191 | D:4      | Found a staircase to the Ecumenical Temple.
  3196 | Temple   | Entered the Ecumenical Temple
  3197 | Temple   | Upgraded the game from 0.31-a0-845-g9abc20d24f to
                  | 0.31-a0-846-gb3bcc0d938
  3306 | Temple   | Became a worshipper of Hepliaklqana the Forgotten
  3415 | D:5      | Entered Level 5 of the Dungeon
  3830 | D:5      | Noticed a water moccasin
  3842 | D:5      | Killed a water moccasin
  3846 | D:5      | Reached XP level 8. HP: 30/56 MP: 0/0
  4021 | D:5      | Reached skill level 1 in Spellcasting
  4021 | D:5      | Reached skill level 1 in Conjurations
  4021 | D:5      | Reached skill level 1 in Hexes
  4021 | D:5      | Reached skill level 1 in Summonings
  4021 | D:5      | Reached skill level 1 in Necromancy
  4021 | D:5      | Reached skill level 1 in Translocations
  4021 | D:5      | Reached skill level 1 in Transmutations
  4021 | D:5      | Reached skill level 1 in Fire Magic
  4021 | D:5      | Reached skill level 1 in Ice Magic
  4021 | D:5      | Reached skill level 1 in Air Magic
  4021 | D:5      | Reached skill level 1 in Earth Magic
  4021 | D:5      | Reached skill level 1 in Poison Magic
  4198 | D:5      | Reached * piety under Hepliaklqana
  4785 | D:6      | Reached skill level 5 in Shapeshifting
  4915 | D:6      | Reached skill level 1 in Invocations
  5161 | D:6      | Reached ** piety under Hepliaklqana
  5162 | D:6      | Remembered your ancestor Cenhelm as a hexer
  5515 | D:7      | Reached skill level 5 in Unarmed Combat
  5524 | D:7      | Reached XP level 9. HP: 39/55 MP: 0/0
  5524 | D:7      | Learned a level 3 spell: Tukima's Dance
  5527 | D:7      | Reached skill level 5 in Dodging
  5584 | D:7      | You are sucked into a shaft and drop 1 floor!
  5871 | D:8      | Killed from afar by an acid dragon

Illustrated notes

Levels and vault maps discovered:
D:1:      mushboom_english_gardens, layout_loops_ring
D:2:      layout_rooms, kennysheep_flooded_box
D:3:      cheibrodos_fertilizer, layout_loops_corners
D:4:      layout_cave_pools, temple_doors_ab, serial_column_ruins,
          column_ruins_square_large, column_ruins_square_large,
          column_ruins_columns_dead_end, column_ruins_open_small,
          column_ruins_open_large, column_ruins_grid_1, column_ruins_grid_1,
          column_ruins_open_medium
D:5:      layout_cave_pools
D:6:      layout_basic, uniq_sigmund
D:7:      layout_basic, lemuel_coloured_pillars_altar,
          hellmonk_ghost_happy_afterlife
D:8:      layout_basic, erik_lair_orcish_takeover, minmay_mini_ossuary
Temple:   mainiacjoe_temple_big_plus

Skill      XL: |  1  2  3  4  5  6  7  8  9 |
---------------+----------------------------+-----
Shapeshifting  | 3 4 5 |  5.7
Fighting       | 2 3 4 |  4.3
Dodging        | 3 4 5 |  5.2
Maces & Flails | 1 2 3 |  3.0
Unarmed Combat | 4 5 |  5.2
Spellcasting   | 1 2 |  2.0
Conjurations   | 1 2 |  2.0
Hexes          | 1 2 |  2.0
Summonings     | 1 2 |  2.0
Necromancy     | 1 2 |  2.0
Translocations | 1 2 |  2.0
Transmutations | 1 2 |  2.0
Fire Magic     | 1 2 |  2.0
Ice Magic      | 1 2 |  2.0
Air Magic      | 1 2 |  2.0
Earth Magic    | 1 2 |  2.0
Poison Magic   | 1 2 |  2.0
Invocations    | 1 2 |  2.2

Action                     |  1- 3 |  4- 6 |  7- 9 || total
---------------------------+-------+-------+-------++-------
  Melee: Unarmed           |    39 |       |       ||    39
         Dagger            |    62 |       |       ||    62
         Punch             |     7 |     1 |     2 ||    10
         Whip              |       |    62 |    66 ||   128
   Cast: Foxfire           |       |    37 |   103 ||   140
         Searing Ray       |       |     2 |     4 ||     6
 Invoke: Ancestor Life: He |       |       |     1 ||     1
    Use: Potion            |       |       |     7 ||     7
   Stab: Sleeping          |     1 |     1 |       ||     2
         Distracted        |       |       |     1 ||     1
 Armour: Animal skin       |    44 |    27 |    28 ||    99
         Robe              |       |       |    25 ||    25
  Dodge: Dodged            |    52 |    29 |    48 ||   129
  Block: Other             |     9 |    10 |    13 ||    32
         Reflection        |       |     1 |       ||     1

Table legend: (Time is in decaauts)
 A = Elapsed time spent in this place.
 B = Non-inter-level travel time spent in this place.
 C = Inter-level travel time spent in this place.
 D = Time resting spent in this place.
 E = Time spent auto-exploring this place.
 F = Levels seen in this place.
 G = Mean time per level.
                   A        B        C        D        E       F      G
               +--------+--------+--------+--------+--------+-----+--------+
         Total |   5848 |   5542 |    306 |    618 |   3933 |   9 |  649.8 |
       Dungeon |   5708 |   5540 |    168 |    618 |   3933 |   8 |  713.5 |
        Temple |    140 |      2 |    138 |      0 |      0 |   1 |  140.0 |
               +--------+--------+--------+--------+--------+-----+--------+

Top non-repeatable levels by time:
     D:3: 1151 daAuts
     D:5: 1001 daAuts
     D:6: 907 daAuts
     D:1: 789 daAuts
     D:2: 691 daAuts
     D:4: 639 daAuts
     D:8: 286 daAuts
     D:7: 239 daAuts
  Temple: 140 daAuts
